 Dungeon Crawl Stone Soup version 0.19-a0-628-g9200b3b (webtiles) character file.

164502 tyrsky the Severer (level 17, -9/157 HPs)
             Began as a Minotaur Berserker on June 13, 2016.
             Was the Champion of Trog.
             Killed from afar by a merfolk aquamancer (22 damage)
             ... with a great wave of water
             ... on level 3 of the Shoals.
             The game lasted 01:03:45 (25670 turns).

tyrsky the Severer (Minotaur Berserker)            Turns: 25670, Time: 01:03:45

Health: -9/157     AC: 33    Str: 35    XL:     17   Next: 26%
Magic:  23/23      EV: 12    Int:  8    God:    Trog [******]
Gold:   2719       SH:  6    Dex: 13    Spells: 0 memorised, 16 levels left

rFire  . . .     SeeInvis .     a - +0 executioner's axe of Qeicwes {freeze, Str+4 Int+4}
rCold  + . .     Gourm    .     I - +5 plate armour {MR+}
rNeg   . . .     Faith    .     (shield currently unavailable)
rPois  .         Spirit   .     (helmet unavailable)
rElec  .         Dismiss  .     Q - +2 cloak {rC+}
rCorr  .         Reflect  +     G - +2 pair of gloves
SustAt .         Harm     .     x - +2 pair of boots
MR     ++...                    s - +6 amulet of reflection
Stlth  ..........               D - ring "Aligarem" {+Fly Slay+3 Stlth-}
                                T - +3 ring of strength

@: exhausted, very resistant to hostile enchantments, extremely unstealthy
A: retaliatory headbutt, horns 3, thin skeletal structure 1, subdued magic 1
a: Berserk, Trog's Hand, Brothers in Arms, Burn Spellbooks, Renounce Religion,
Evoke Flight


You were on level 3 of the Shoals.
You worshipped Trog.
Trog was exalted by your worship.
You were very hungry.

You visited 4 branches of the dungeon, and saw 27 of its levels.
You also visited: Ossuary and Ice Cave.

You collected 3184 gold pieces.
You spent 465 gold pieces at shops.

Inventory:

Hand Weapons
 a - the +0 executioner's axe of Qeicwes (weapon) {freeze, Str+4 Int+4}
   (You acquired it on level 5 of the Lair of Beasts)

   It has been specially enchanted to freeze those struck by it, causing extra
   injury to most foes and up to half again as much damage against particularly
   susceptible opponents.
   It can also slow down cold-blooded creatures.
   It affects your strength (+4).
   It affects your intelligence (+4).
 S - a +8 battleaxe
Armour
 x - a +2 pair of boots (worn)
 G - a +2 pair of gloves (worn)
 I - a +5 plate armour of magic resistance (worn)
 Q - a +2 cloak of cold resistance (worn)
 Z - a +2 hat of magic resistance
Jewellery
 s - a +6 amulet of reflection (around neck)
 A - a +6 ring of dexterity
 C - a cursed -5 ring of intelligence {unknown}
 D - the ring "Aligarem" (right hand) {+Fly Slay+3 Stlth-}
   (You found it on level 4 of the Dungeon)

   [ring of loudness]

   It affects your accuracy and damage with ranged weapons and melee attacks
   (+3).
   It lets you fly.
   It makes you less stealthy.
 H - an uncursed ring of resist corrosion
 O - an uncursed ring of sustain attributes
 T - a +3 ring of strength (left hand)
Wands
 d - a wand of digging (3/24)
 t - a wand of digging (10/24)
 w - a wand of iceblast (6/15)
 y - a wand of lightning (12/15)
 F - a wand of lightning (7/15)
 N - a wand of iceblast (7/15)
 R - a wand of confusion (29/48)
 U - a wand of teleportation (5/9)
 X - a wand of iceblast (4/15)
Scrolls
 e - 3 scrolls of enchant armour
 f - 10 scrolls of identify {@*1}
 i - 17 scrolls of remove curse
 n - 3 scrolls of fog
 o - 3 scrolls of enchant weapon
 p - 7 scrolls of teleportation
 q - 4 scrolls of fear
 u - 2 scrolls of magic mapping
 M - 6 scrolls of recharging
Potions
 b - 2 potions of agility
 h - a potion of berserk rage {unknown}
 j - 5 potions of cure mutation
 k - 8 potions of haste
 m - 8 potions of curing
 v - 4 potions of cancellation
 z - 3 potions of invisibility
 E - 5 potions of brilliance
 J - a potion of ambrosia
 K - 3 potions of might
 P - a potion of flight
 W - a potion of magic {unknown}
Comestibles
 c - 3 bread rations
 g - 10 meat rations
 l - 8 beef jerkies
 r - 3 slices of pizza
 B - 17 fruits


   Skills:
 + Level 15.7 Fighting
 + Level 20.8 Axes
 + Level 15.7 Armour
 + Level 14.8 Dodging
 - Level 10.1 Evocations


You had 16 spell levels left.
You didn't know any spells.

Dungeon Overview and Level Annotations

Branches:
Dungeon (15/15)            Temple (0/1) D:5            Lair (6/6) D:10
 Shoals (4/4) Lair:3        Snake (0/4) Lair:4        Slime (0/5) Lair:5
    Orc (2/2) D:12            Elf (0/3) Orc:2        Vaults (0/5) D:14
 Depths (0/5) D:15

Altars:
Ashenzari
Cheibriados
Dithmenos
Fedhas
Gozag
Makhleb
Nemelex Xobeh
Okawaru
Pakellas
Xom
Yredelemnul
Zin
Beogh

Shops:
D:7 ?   D:11 [   Orc:2 ([:*(

Portals:
Hell: Lair:6

Annotations:
D:5 1 runed door
Shoals:4 Ilsuiw


Innate Abilities, Weirdness & Mutations

You reflexively headbutt those who attack you in melee.
You have a pair of large horns on your head.
You have a somewhat thin skeletal structure. (Dex +2, Stealth)
Your spells are a little easier to cast, but a little less powerful.


Message History

The water elemental closely misses you. You furiously retaliate!
You headbutt the water elemental. You block the water elemental's attack.
A water elemental comes into view.
You feel better.
* * * LOW HITPOINT WARNING * * *
Your lungs strain for air!
The water elemental hits you.
A merfolk aquamancer comes into view. It is wielding a rapier of protection.
You cannot read scrolls while unable to breathe!
Okay, then.
Evoke which item? (* to show all) (? for menu, Esc to quit)
Okay, then.
With effort, you pull free of the water engulfing you.
You gasp with relief as air once again reaches your lungs.
The merfolk aquamancer shouts!
There is a stone staircase leading down here.
The merfolk aquamancer casts a spell at you.
The great wave of water passes through the water elemental.
The great wave of water hits you!
You die...

≈≈≈≈≈≈≈≈≈≈≈≈≈≈≈≈≈≈≈≈≈≈≈≈≈≈≈≈≈≈≈≈
≈≈≈≈≈≈≈≈≈≈≈≈≈≈≈≈≈≈≈≈≈≈≈≈≈≈≈≈≈≈≈≈
≈≈≈≈≈≈≈≈.≈≈≈≈≈≈≈≈≈≈≈≈≈≈≈≈≈≈≈≈≈≈.
≈≈≈≈≈≈≈≈≈≈≈≈.≈≈≈≈≈≈≈≈≈≈≈≈≈≈≈≈≈≈..
≈≈≈≈≈≈≈≈..≈..≈≈...≈≈m.≈≈≈≈≈≈≈≈≈..
≈≈≈≈≈≈≈≈..........≈....≈≈≈≈≈≈≈≈.#
≈≈≈≈≈≈≈≈......≈..≈E.....≈≈≈≈≈≈≈≈≈
≈≈≈≈≈≈≈.......≈.[.......≈≈..≈≈≈≈≈
≈≈≈≈≈≈≈...#.....H.......≈....≈≈≈≈
≈≈≈≈≈≈≈...##.≈÷E##.......≈.......
≈≈≈≈≈≈...##.....##.......≈≈......
≈≈≈≈≈..≈≈.)....###....##.≈≈......
≈≈..≈).≈≈≈≈≈≈(.≈......##.≈..≈..##
≈≈..≈..........≈....###....≈≈.###
≈≈.≈≈.........≈.....###...≈≈..###
≈≈≈≈≈≈...............#.)..<......
≈≈≈≈≈≈≈..................≈≈....).


You could see a merfolk aquamancer and 2 water elementals.

Vanquished Creatures
  Jorgrun (Shoals:3)
  Gastronok (Lair:2)
  A fire giant (D:15)
  Maud (D:14)
  An orc warlord (Orc:2)
  Louise (Shoals:4)
  A slime creature (D:15)
  The ghost of Amnesiac the Covert, a journeyman DEEE of Dithmenos (Shoals:1)
  Azrael (D:14)
  Snorg (D:14)
  An ettin (D:15)
  10 merfolk impalers
  The ghost of georgeearnest the Cleaver, a journeyman HOFi of Beogh (IceCv)
  2 merfolk javelineers
  Josephine (D:10)
  3 yaktaur captains (D:15)
  A great orb of eyes (D:15)
  8 vault guards (D:14)
  11 hydras
  2 merfolk avatars
  An ice dragon (D:15)
  3 catoblepae
  6 centaur warriors
  An alligator snapping turtle (Shoals:4)
  3 merfolk aquamancers
  A death knight (D:15)
  2 ogre magi
  A tengu warrior (D:12)
  4 death yaks (Shoals:4)
  An orc high priest (Orc:2)
  A sun demon (Lair:6)
  Nergalle (D:10)
  4 skeletal warriors (D:11)
  An unseen horror (D:15)
  6 sea snakes
  2 deep elf archers (D:15)
  7 hill giants
  2 phantasmal warriors (D:15)
  A lindwurm (Lair:4)
  A wizard (Lair:6)
  16 harpies
  Pikel (D:8)
  2 necromancers
  10 griffons
  4 orc knights
  3 orc sorcerers (Orc:2)
  2 wolf spiders (D:15)
  A sixfirhy (Lair:6)
  2 cyclopes
  11 ugly things
  4 manticores
  10 fauns
  8 sirens
  3 deep elf magi (D:15)
  4 black mambas
  11 elephants (Lair:6)
  A torpor snail (Lair:2)
  3 water nymphs
  2 orange demons (Lair:6)
  7 centaur skeletons
  3 gargoyles
  2 ice statues (IceCv)
  5 kobold demonologists
  8 spiny frogs
  2 rime drakes (Lair:6)
  4 efreet
  15 ice devils
  2 yaktaurs
  10 komodo dragons
  A hellwing (Lair:6)
  2 red devils (Lair:6)
  10 trolls
  4 polar bears (Lair:3)
  A two-headed ogre (shapeshifter) (D:15)
  28 merfolk
  2 wind drakes
  3 two-headed ogres
  2 meliai zombies
  2 snapping turtles
  3 blink frogs (Lair:4)
  Sigmund (D:4)
  A spriggan (D:8)
  A wyvern (shapeshifter) (D:15)
  2 fire elementals (D:14)
  3 shadows
  32 yaks
  6 water elementals
  7 wraiths
  The ghost of no0bjke the Skirmisher, an amateur MiFi (Ossuary)
  2 wyverns
  12 hippogriffs
  2 basilisks
  Grum (D:8)
  2 hungry ghosts
  A redback simulacrum (D:15)
  4 vampire mosquitoes (D:15)
  4 mottled dragons
  A swamp worm (shapeshifter) (D:15)
  A soldier ant (D:12)
  7 hell hounds
  2 nagas (Lair:4)
  13 water moccasins
  5 porcupines
  28 orc warriors
  4 ice beasts
  4 sky beasts
  4 phantoms
  A slave (D:8)
  An eye of draining (D:13)
  5 black bears
  2 necrophages
  13 ogres
  A wasp (D:11)
  6 wolves
  14 crocodiles
  10 centaurs
  8 big kobolds
  4 elf zombies (Ossuary)
  Blork the orc (D:4)
  14 giant frogs
  A wyvern skeleton (D:10)
  7 scorpions
  24 killer bees
  9 wights
  An electric eel (Lair:1)
  3 howler monkeys
  6 crimson imps
  8 centaur zombies
  4 lava snakes (Lair:1)
  A giant frog zombie (D:11)
  4 human zombies (Ossuary)
  2 jellies
  11 orc priests
  6 hounds
  3 giant frog skeletons
  Crazy Yiuf (D:2)
  30 orc wizards
  6 iguanas
  11 hell rats (Lair:4)
  7 worker ants
  3 yak simulacra (Lair:4)
  4 polar bear simulacra (Lair:4)
  14 sheep
  2 wolf simulacra (Lair:4)
  A hound skeleton (D:5)
  3 mummies (Ossuary)
  A worker ant zombie (D:11)
  10 adders
  4 gnolls (D:7)
  30 river rats
  2 shadow imps
  7 white imps (IceCv)
  6 ufetubi (IceCv)
  7 oozes
  4 worms
  3 giant geckos
  55 orcs
  12 giant cockroaches
  7 goblins
  3 hobgoblins
  8 jackals
  15 kobolds
  7 quokkas
  2 ball pythons (D:4)
  3 bats
  A giant gecko skeleton (D:4)
  A giant newt (D:3)
  20 rats
  2 river rat simulacra (Lair:4)
  4 fungi
  13 plants
943 creatures vanquished.

Vanquished Creatures (collateral kills)
  Polyphemus (Shoals:4)
  A merfolk javelineer (Shoals:4)
  A faun (Shoals:4)
  A snapping turtle (Shoals:4)
  An orc (D:9)
  A plant (Shoals:4)
6 creatures vanquished.

Vanquished Creatures (others)
  A cyclops (D:11)
  2 white imps (IceCv)
  2 ufetubi (IceCv)
  22 fungi
  42 plants
69 creatures vanquished.

Grand Total: 1018 creatures vanquished

Notes
Turn   | Place    | Note
--------------------------------------------------------------
     0 | D:1      | tyrsky the Minotaur Berserker began the quest for the Orb.
     0 | D:1      | Reached XP level 1. HP: 19/19 MP: 0/0
   169 | D:1      | Reached XP level 2. HP: 27/27 MP: 1/1
   180 | D:1      | Reached skill level 4 in Axes
   602 | D:1      | Reached XP level 3. HP: 33/33 MP: 2/2
  1030 | D:2      | Noticed Crazy Yiuf
  1036 | D:2      | Killed Crazy Yiuf
  1277 | D:2      | Reached XP level 4. HP: 33/40 MP: 3/3
  1687 | D:3      | Reached ** piety under Trog
  1949 | D:3      | You fall through a shaft for 3 floors!
  2059 | D:6      | Reached skill level 5 in Axes
  2134 | D:6      | Found an iron altar of Okawaru.
  2200 | D:6      | Noticed an orc warrior
  2200 | D:6      | Reached XP level 5. HP: 47/47 MP: 4/4
  2205 | D:6      | Killed an orc warrior
  2205 | D:6      | Reached XP level 6. HP: 44/55 MP: 5/5
  2255 | D:5      | Entered Level 5 of the Dungeon
  2318 | D:5      | Reached skill level 5 in Fighting
  2318 | D:5      | Reached skill level 6 in Axes
  2347 | D:5      | Found a runed door.
  2431 | D:5      | Reached XP level 7. HP: 52/61 MP: 6/6
  2452 | D:5      | Found a staircase to the Ecumenical Temple.
  2469 | D:5      | Found a sand-covered staircase.
  2478 | Ossuary  | Entered an ossuary
  2493 | Ossuary  | Noticed no0bjke's ghost (amateur MiFi)
  2503 | Ossuary  | Killed no0bjke's ghost
  2503 | Ossuary  | Reached skill level 7 in Axes
  2512 | Ossuary  | Reached skill level 5 in Dodging
  2545 | Ossuary  | Reached skill level 5 in Armour
  2633 | Ossuary  | Reached XP level 8. HP: 62/70 MP: 7/7
  2658 | Ossuary  | Reached skill level 8 in Axes
  3273 | D:4      | Got a faintly glowing granite ring
  3275 | D:4      | Identified the ring "Aligarem" {+Fly Slay+3 Stlth-} (You found it on level 4 of the Dungeon)
  3430 | D:4      | Noticed Sigmund
  3441 | D:4      | Killed Sigmund
  3441 | D:4      | Reached skill level 9 in Axes
  3689 | D:4      | Noticed Blork the orc
  3695 | D:4      | Killed Blork the orc
  3774 | D:5      | Found a runed door.
  3790 | D:5      | Reached XP level 9. HP: 79/79 MP: 8/8
  3798 | D:5      | Reached *** piety under Trog
  4008 | D:6      | Found an oddly glowing altar of Pakellas.
  4013 | D:6      | Found a blossoming altar of Fedhas.
  4016 | D:6      | Found a shadowy altar of Dithmenos.
  4019 | D:6      | Found a basalt altar of Yredelemnul.
  4176 | D:6      | Gained mutation: You have an increased reservoir of magic. (+10% MP) [mutagenic meat]
  4177 | D:6      | Gained mutation: Your body sometimes deteriorates upon taking damage. [mutagenic meat]
  4178 | D:6      | Gained mutation: You are partially covered in large bone plates. (AC +2, SH +2) [mutagenic meat]
  4600 | D:7      | Reached skill level 10 in Axes
  5063 | D:7      | Found Acemned's Magic Scroll Shoppe.
  5069 | D:7      | Bought a scroll of teleportation for 45 gold pieces
  5069 | D:7      | Bought a scroll of identify for 30 gold pieces
  5082 | D:7      | Found a glowing silver altar of Zin.
  5082 | D:7      | Noticed an angel
  5490 | D:8      | Noticed Grum
  5503 | D:8      | Killed Grum
  6026 | D:8      | Noticed Pikel
  6031 | D:8      | Killed Pikel
  6031 | D:8      | Reached skill level 11 in Axes
  6121 | D:8      | Reached XP level 10. HP: 70/90 MP: 10/10
  6797 | D:9      | Found a shattered altar of Ashenzari.
  6807 | D:9      | Reached skill level 12 in Axes
  6850 | D:9      | Reached **** piety under Trog
  7148 | D:10     | Entered Level 10 of the Dungeon
  7159 | D:10     | Received a gift from Trog
  7196 | D:10     | Noticed Nergalle
  7205 | D:10     | Killed Nergalle
  7600 | D:10     | Noticed Josephine
  7609 | D:10     | Killed Josephine
  7609 | D:10     | Reached skill level 13 in Axes
  7609 | D:10     | Reached XP level 11. HP: 99/99 MP: 11/11
  7687 | D:10     | Found a staircase to the Lair.
  7900 | Lair:1   | Entered Level 1 of the Lair of Beasts
  8072 | Lair:1   | Reached skill level 10 in Fighting
  8148 | Lair:1   | Found a frozen archway.
  8156 | IceCv    | Entered an ice cave
  8172 | IceCv    | Noticed georgeearnest's ghost (journeyman HOFi)
  8181 | IceCv    | Killed georgeearnest's ghost
  8830 | IceCv    | Reached skill level 10 in Armour
  9191 | IceCv    | Reached skill level 14 in Axes
  9540 | IceCv    | Received a gift from Trog
  9542 | IceCv    | Reached skill level 10 in Dodging
 10030 | Lair:1   | Noticed a seven-headed hydra
 10042 | Lair:1   | Killed a 13-headed hydra
 10234 | Lair:1   | Reached XP level 12. HP: 70/108 MP: 12/12
 10735 | Lair:2   | Reached ***** piety under Trog
 11115 | Lair:2   | Noticed Gastronok
 11126 | Lair:2   | Killed Gastronok
 11126 | Lair:2   | Reached skill level 15 in Axes
 11508 | Lair:3   | Found a staircase to the Shoals.
 11570 | Lair:3   | Found a snail-covered altar of Cheibriados.
 11871 | Lair:3   | Received a gift from Trog
 11993 | Lair:3   | Found a labyrinth entrance.
 12532 | Lair:4   | Reached skill level 16 in Axes
 12627 | Lair:4   | Found a staircase to the Snake Pit.
 12968 | Lair:4   | Reached XP level 13. HP: 118/118 MP: 13/13
 13121 | Lair:4   | Received a gift from Trog
 13519 | Lair:5   | Identified a scroll of acquirement
 13520 | Lair:5   | Got an ichor-stained executioner's axe
 13521 | Lair:5   | Identified the +0 executioner's axe of Qeicwes {freeze, Str+4 Int+4} (You acquired it on level 5 of the Lair of Beasts)
 13691 | Lair:5   | Found a staircase to the Slime Pits.
 14162 | Lair:6   | Entered Level 6 of the Lair of Beasts
 14388 | Lair:6   | Received a gift from Trog
 14485 | Lair:6   | Reached skill level 17 in Axes
 14871 | Lair:6   | Found a burning altar of Makhleb.
 15448 | Lair:6   | Found a gateway to Hell.
 15602 | Lair:6   | Reached XP level 14. HP: 120/129 MP: 14/14
 16089 | D:11     | Received a gift from Trog
 16223 | D:11     | Found Deuwegh's Armour Shop.
 16532 | D:12     | Reached skill level 18 in Axes
 16597 | D:12     | Found a staircase to the Orcish Mines.
 16784 | D:12     | Gained mutation: You occasionally shout uncontrollably at your foes. [mutagenic meat]
 17325 | D:13     | Reached ****** piety under Trog
 17750 | D:13     | Received a gift from Trog
 17829 | D:13     | Lost mutation: You occasionally shout uncontrollably at your foes. [potion of cure mutation]
 17829 | D:13     | Lost mutation: Your body sometimes deteriorates upon taking damage. [potion of cure mutation]
 17829 | D:13     | Lost mutation: You have an increased reservoir of magic. (+10% MP) [potion of cure mutation]
 17829 | D:13     | Lost mutation: You are partially covered in large bone plates. (AC +2, SH +2) [potion of cure mutation]
 17830 | D:13     | Gained mutation: You have a pair of large horns on your head. [mutagenic meat]
 17832 | D:13     | Gained mutation: Your muscles are strong. (Str +2) [mutagenic meat]
 17833 | D:13     | Gained mutation: You can translocate small distances at will. [mutagenic meat]
 17834 | D:13     | Gained mutation: Your spells are a little easier to cast, but a little less powerful. [mutagenic meat]
 17835 | D:13     | Gained mutation: You have a somewhat thin skeletal structure. (Dex +2, Stealth) [mutagenic meat]
 17934 | D:14     | Noticed Snorg
 17941 | D:14     | Killed Snorg
 18346 | D:14     | Noticed Maud
 18355 | D:14     | Killed Maud
 18379 | D:14     | Noticed Azrael
 18396 | D:14     | Reached skill level 19 in Axes
 18605 | D:14     | Found a gate to the Vaults.
 18661 | D:14     | Killed Azrael
 18661 | D:14     | Reached XP level 15. HP: 138/138 MP: 14/14
 18990 | D:15     | Entered Level 15 of the Dungeon
 19262 | D:15     | Found a staircase to the Depths.
 19324 | D:15     | Found a sparkling altar of Nemelex Xobeh.
 19325 | D:15     | Found a shimmering altar of Xom.
 19325 | D:15     | Found an opulent altar of Gozag.
 19548 | D:15     | Received a gift from Trog
 19549 | D:15     | Noticed a fire giant
 19554 | D:15     | Killed a fire giant
 19747 | D:15     | Lost mutation: Your muscles are strong. (Str +2) [mutagenic meat]
 19748 | D:15     | Lost mutation: You can translocate small distances at will. [mutagenic meat]
 20083 | D:15     | Reached skill level 20 in Axes
 20339 | D:15     | Reached skill level 15 in Fighting
 20498 | D:15     | Got an ancient battleaxe
 20499 | D:15     | Identified the +2 battleaxe "Rofrogo" {drain, SInv} (You acquired it on level 15 of the Dungeon)
 20813 | D:15     | Reached skill level 15 in Armour
 21199 | Orc:1    | Entered Level 1 of the Orcish Mines
 21309 | Orc:1    | Received a gift from Trog
 21504 | Orc:2    | Entered Level 2 of the Orcish Mines
 21525 | Orc:2    | Found Wudwust's Antique Weapon Shoppe.
 21574 | Orc:2    | Found a staircase to the Elven Halls.
 21671 | Orc:2    | Reached XP level 16. HP: 149/149 MP: 15/15
 21690 | Orc:2    | Found a roughly hewn altar of Beogh.
 21724 | Orc:2    | Found a roughly hewn altar of Beogh.
 21760 | Orc:2    | Found Bishrim's Antique Weapon Shoppe.
 21906 | Orc:2    | Found Hofrahaz's General Store.
 21912 | Orc:2    | Bought a potion of haste for 130 gold pieces
 22155 | Orc:2    | Found Lyffyuno's Book Shoppe.
 22169 | Orc:2    | Found Vediwk's Antique Armour Shoppe.
 22177 | Orc:2    | Bought a pair of embroidered gloves for 130 gold pieces
 22177 | Orc:2    | Bought a pair of embroidered gloves for 130 gold pieces
 22515 | Shoals:1 | Entered Level 1 of the Shoals
 22515 | Shoals:1 | Noticed Amnesiac's ghost (journeyman DEEE)
 22529 | Shoals:1 | Killed Amnesiac's ghost
 22672 | Shoals:1 | Reached skill level 1 in Evocations
 22698 | Shoals:1 | Identified Veocki's Collected Works on Transmigration
 23121 | Shoals:2 | Received a gift from Trog
 23312 | Shoals:2 | Reached skill level 5 in Evocations
 23791 | Shoals:3 | Noticed Jorgrun
 23801 | Shoals:3 | Killed Jorgrun
 23997 | Shoals:3 | Received a gift from Trog
 24425 | Shoals:4 | Entered Level 4 of the Shoals
 24425 | Shoals:4 | Noticed Ilsuiw
 24456 | Shoals:4 | Noticed Louise
 24466 | Shoals:4 | Killed Louise
 24477 | Shoals:4 | Noticed Polyphemus
 24494 | Shoals:2 | HP: 6/149 [satyr/arrow (14)]
 25132 | Shoals:4 | Reached skill level 10 in Evocations
 25132 | Shoals:4 | Reached XP level 17. HP: 119/156 MP: 23/23
 25568 | Shoals:4 | Received a gift from Trog
 25594 | Shoals:4 | Killed Polyphemus
 25670 | Shoals:3 | Killed from afar by a merfolk aquamancer

Vault maps used:
D:1:      mrwooster_arrival_statue, roderic_bipointed_swastika
D:2:      uniq_crazy_yiuf_cottage
D:3:      first_bread
D:4:      uniq_sigmund, uniq_blork_the_orc
D:5:      lemuel_insect_pit, minmay_temple_entry_statues,
          nicolae_ossuary_entry_ruins
D:6:      okawaru_metal_pillars_1_2, grunt_temple_overflow_cloverleaf
D:7:      zin_angel, serial_shops, shop
D:8:      the_bakery, uniq_pikel, uniq_grum
D:9:      evilmike_ruin_ashenzari
D:10:     lair_0_dummy, uniq_josephine, uniq_nergalle
D:11:     serial_shops, nicolae_shop_stone, serial_curves, eino_curves_01,
          eino_curves_03
D:12:     minmay_concentric_multi
D:13:     serial_curves, eino_curves_01, eino_curves_03
D:14:     erik_vaults_2, minmay_misc_feat_four_crosses, uniq_snorg, uniq_maud,
          uniq_azrael
D:15:     hangedman_slaughterboxes
Lair:1:   portal_ice_cave_entry_pillars_1, disabler_island,
          serial_bayou_shore_b, infiniplex_staircase_pool
Lair:2:   uniq_gastronok
Lair:3:   beast_lair_carwin_large_2, minmay_shoals_entry_centaurs,
          lab_entry_generic, basic_altar, nicolae_quartered_pool_little
Lair:4:   lemuel_ratsnest, guppyfry_snake_entry_garden, minivault_26,
          eino_house_with_fridge
Lair:5:   nicolae_slime_entry_slimehenge, grunt_megastairs_3,
          serial_bayou_shore_b, bh_autumn_forest_stairs
Lair:6:   evil_forest
Shoals:3: nicolae_shoals_so_close, uniq_jorgrun
Shoals:4: shoals_end_grunt_garden, shoal_ilsuiw, uniq_louise, uniq_polyphemus,
          uniq_donald
Orc:2:    grunt_orc_cross, serial_shops, shop, nicolae_orc_sculptors_studio,
          nicolae_orc_lost_temple
Ossuary:  ossuary_minmay_four_chambers
IceCv:    ice_cave_small_demon

Skill      XL: |  1  2  3  4  5  6  7  8  9 10 11 12 13 14 15 16 |
---------------+-------------------------------------------------+-----
Axes           | 4 5 6 7 9 11 13 14 16 17 19 20 | 20.8
Fighting       | 4 5 6 7 8 9 10 12 13 14 15 | 15.7
Dodging        | 3 4 5 6 7 9 10 11 12 13 14 | 14.8
Armour         | 3 4 5 6 7 9 10 11 13 14 15 | 15.7
Evocations     | 10 | 10.1

Action                   |  1- 3 |  4- 6 |  7- 9 | 10-12 | 13-15 | 16-18 || total
-------------------------+-------+-------+-------+-------+-------+-------++-------
Melee: Hand axe          |    66 |    96 |   329 |    18 |       |       ||   509
       Headbutt          |     8 |    23 |   101 |   108 |   253 |    96 ||   589
       Battleaxe         |       |       |       |   433 |    79 |       ||   512
       Executioner's axe |       |       |       |       |   766 |   375 ||  1141
Throw: Tomahawk          |       |       |       |    48 |       |       ||    48
Invok: Berserk           |     1 |     2 |     5 |     6 |     9 |     7 ||    30
       Trog's Hand       |       |       |     3 |     5 |     7 |     5 ||    20
       Burn Spellbooks   |       |       |       |     2 |     3 |     1 ||     6
       Brothers in Arms  |       |       |       |       |       |     1 ||     1
 Abil: Blink             |       |       |       |       |     1 |       ||     1
       Evoke Flight      |       |       |       |       |       |    27 ||    27
       Stop Flying       |       |       |       |       |       |     1 ||     1
Evoke: Wand              |       |       |       |       |       |     2 ||     2
  Use: Scroll            |       |     5 |     1 |    34 |    13 |     6 ||    59
       Potion            |       |       |       |     1 |     8 |     3 ||    12
 Stab: Invisible         |     1 |       |       |       |       |       ||     1
       Distracted        |       |       |       |       |     1 |     1 ||     2
  Eat: Chunk             |     2 |     2 |    10 |    18 |    27 |    13 ||    72
       Bread ration      |       |     1 |     2 |     3 |     6 |     3 ||    15
Armor: Scale mail        |    34 |    32 |    57 |       |       |       ||   123
       Plate armour      |       |       |    29 |   237 |   477 |   284 ||  1027
Dodge: Dodged            |    35 |    35 |   133 |   199 |   523 |   285 ||  1210
Block: Other             |       |     9 |    70 |   152 |   304 |   116 ||   651
       Reflection        |       |       |       |     7 |    20 |    10 ||    37
